Bruins vs Canadiens (R4)

Created - April 12, 2024 at 22:41

Goals
1 2 3 OT1 T
Bruins 0 0 5 0 5
Canadiens 2 2 1 1 6
Shots
1 2 3 OT1 T
Bruins 4 13 18 0 35
Canadiens 10 13 10 1 34

GoalsPenalties
1st period
1. Canadiens , Daniel Sprong 1 (Anthony Mantha 1, Lars Eller 1) at 1:26
2. Canadiens , Leon Draisaitl 3 (Filip Forsberg 3) at 2:50
Nicolas Roy (BOS) for High sticking (Minor) at 3:03
Brady Skjei (BOS) for Tripping (Minor) at 6:53
Ryan Suter (MTL) for Holding (Minor) at 10:02
Andrew Cogliano (MTL) for Charging (Minor) at 10:43
Artturi Lehkonen (MTL) for Hooking (Minor) at 18:01
2nd period
3. Canadiens , Teuvo Teravainen 2 (Artturi Lehkonen 2, Ryan O'Reilly 3) at 1:29 (PP)
4. Canadiens , Artturi Lehkonen 3 (Ivan Provorov 3, Ryan O'Reilly 4) at 18:37 (PP)
Tom Wilson (BOS) for Roughing (Double Minor) at 1:05
Ryan O'Reilly (MTL) for Interference (Minor) at 9:57
Brady Skjei (BOS) for Roughing (Minor) at 9:57
Andrew Mangiapane (BOS) for Tripping (Minor) at 12:26
T.J. Brodie (BOS) for Interference (Minor) at 13:28
Andrew Mangiapane (BOS) for Interference (Minor) at 18:33
Teuvo Teravainen (MTL) for Interference (Minor) at 19:06
3rd period
5. Bruins , Brandon Saad 5 (Trevor Zegras 4, Cam Fowler 3) at 5:13
6. Bruins , Andrew Mangiapane 1 (Bryan Rust 1, Anze Kopitar 2) at 5:43
7. Bruins , Trevor Zegras 1 (Brady Skjei 4, Cam Fowler 4) at 9:11 (PP)
8. Canadiens , Valeri Nichushkin 1 (Leon Draisaitl 2, Ivan Provorov 4) at 10:18
9. Bruins , Andrew Mangiapane 2 (Brady Skjei 5, Cam Fowler 5) at 12:10 (PP)
10. Bruins , Tom Wilson 1 (Cam Fowler 6, Trevor Zegras 5) at 16:55
Ivan Provorov (MTL) for Holding (Minor) at 8:37
Ryan Suter (MTL) for Tripping (Minor) at 11:50
Mattias Ekholm (MTL) for Hooking (Minor) at 13:05
Tom Wilson (BOS) for Hooking (Minor) at 19:30
Overtime #1
11. Canadiens , Artturi Lehkonen 4 (Jaccob Slavin 1, Ivan Provorov 5) at 0:22 (PP)
No Penalty
Goalie Stats
Jake Oettinger (BOS), 28 saves from 34 shots - (0.824), OTL, 3-1-1, 60:23 minutes
Kaapo Kahkonen (MTL), 30 saves from 35 shots - (0.857), W, 2-2-0, 60:23 minutes
3 StarsOfficial
1 - Cam Fowler (BOS)
2 - Artturi Lehkonen (MTL)
3 - Trevor Zegras (BOS)
Referees : Marc Joannette and Wes McCauley
Linesman : Dennis Urban and Robb Harrell
Game Note
Nick Paul is injured at 5:34 of 3rd period (Sports Hernia)
Finance
Level 1 -- Attendance: 6215 (95.62%) -- Ticket Income $745,800
Level 2 -- Attendance: 5000 (100.00%) -- Ticket Income $425,000
Level 3 -- Attendance: 3160 (90.29%) -- Ticket Income $205,400
Level 4 -- Attendance: 3283 (62.10%) -- Ticket Income $65,660
Luxury Box -- Attendance: 973 (97.30%) -- Ticket Income $214,060
Game was played at the Bell Centre.
Total Attendance: 18631 (87.52%)
Total Ticket Income: $1,655,920
Other Income: $413,980
Total Income: $2,069,900



Team Name Goals Shots Shots Attemp Shots Blocked PIM HIT PP PK FO%
Bruins 535661118342 / 7 (29%)348%
Canadiens 63463916313 / 8 (38%)252%

Bruins
Player Name POS G A P +/- PIM HIT SHT SB MP PP MP PP SHT PK MP PK SHT FO% FOT
Alex IafalloLW000-1025014:520:0000:52050% 2
Andrew MangiapaneLW2020442017:465:1010:000100% 1
Anze KopitarC0110005017:034:2110:04070% 23
Brady SkjeiD0222433219:425:2830:2900% 0
Brandon SaadLW1011003017:374:2110:0000% 2
Brett PesceD000-2030219:400:0004:5300% 0
Bryan RustRW0110013017:485:1000:00050% 2
Cam FowlerD0442011021:355:2811:0800% 0
Charlie CoyleC000-1021015:120:0006:01045% 22
Dmitry KulikovD0000020014:514:0300:0000% 0
Jamie OleksiakD000000017:550:0006:0400% 0
Mark GiordanoD0000000014:360:0004:2700% 0
Nick PaulLW000001016:490:0004:09067% 3
Nicolas RoyC000022107:220:0002:34050% 16
T.J. BrodieD000-2231322:244:0313:3400% 0
Tom WilsonRW1011684217:354:2100:0000% 0
Trevor ZegrasC1231014019:065:1030:00031% 29
Yegor SharangovichC000-1012016:400:0005:59050% 2
Canadiens
Player Name POS G A P +/- PIM HIT SHT SB MP PP MP PP SHT PK MP PK SHT FO% FOT
Adam PelechD0002000012:390:0002:0300% 0
Alex GoligoskiD000203019:180:0000:0000% 0
Alexander KerfootC000-1020011:010:0006:16035% 20
Andrew CoglianoC000-121005:360:0001:3100% 1
Anthony ManthaRW0111020010:140:0000:0000% 0
Artturi LehkonenLW213-2257022:105:0634:42067% 3
Brendan GallagherRW000-101104:050:0000:0000% 0
Daniel SprongRW1011002110:140:0000:0000% 1
Filip ForsbergLW0112032019:165:1211:080100% 2
Ivan ProvorovD033-1211225:414:1704:2900% 0
Jaccob SlavinD011-1011226:084:1715:4800% 0
Lars EllerC0111010010:140:0000:00062% 13
Leon DraisaitlC1122015118:245:1200:00054% 28
Mattias EkholmD000-1243124:136:0133:5300% 0
Ryan O'ReillyC022-2220021:265:0603:58060% 30
Ryan SuterD000-1420122:436:0102:4900% 0
Teuvo TeravainenLW101-2215017:365:0620:0800% 1
Valeri NichushkinRW1012017018:015:1210:00033% 3



Play-by-Play

1st period


0:01 of 1st period - Leon Draisaitl wins face-off versus Anze Kopitar in neutral zone.
0:32 of 1st period - Shot by Leon Draisaitl.
0:32 of 1st period - Stopped by Jake Oettinger without a rebound.
0:33 of 1st period - Trevor Zegras wins face-off versus Ryan O'Reilly in Bruins zone.
0:38 of 1st period - Ryan O'Reilly is hit by Trevor Zegras and loses puck.
1:00 of 1st period - Icing by Brett Pesce.
1:01 of 1st period - Lars Eller wins face-off versus Trevor Zegras in Bruins zone.
1:08 of 1st period - Shot by Lars Eller.
1:08 of 1st period - Deflect By Daniel Sprong.
1:08 of 1st period - Shot Blocked by Brett Pesce.
1:24 of 1st period - Shot by Anthony Mantha.
1:24 of 1st period - Shot Misses the Net.
1:26 of 1st period - Shot by Daniel Sprong.
1:26 of 1st period - Goal by Daniel Sprong - Bruins : 0 - Canadiens : 1.
1:27 of 1st period - Alexander Kerfoot wins face-off versus Charlie Coyle in neutral zone.
1:58 of 1st period - Shot by Alex Iafallo.
1:58 of 1st period - Stopped by Kaapo Kahkonen without a rebound.
1:59 of 1st period - Anze Kopitar wins face-off versus Ryan O'Reilly in Canadiens zone.
2:14 of 1st period - Shot by Teuvo Teravainen.
2:14 of 1st period - Shot Blocked by Brady Skjei.
2:28 of 1st period - Shot by Bryan Rust.
2:28 of 1st period - Stopped by Kaapo Kahkonen without a rebound.
2:29 of 1st period - Leon Draisaitl wins face-off versus Nicolas Roy in Canadiens zone.
2:38 of 1st period - Shot by Leon Draisaitl.
2:38 of 1st period - Stopped by Jake Oettinger without a rebound.
2:39 of 1st period - Lars Eller wins face-off versus Charlie Coyle in Bruins zone.
2:48 of 1st period - Icing by Mark Giordano.
2:49 of 1st period - Filip Forsberg wins face-off versus Charlie Coyle in Bruins zone.
2:50 of 1st period - Shot by Leon Draisaitl.
2:50 of 1st period - Goal by Leon Draisaitl - Bruins : 0 - Canadiens : 2.
2:51 of 1st period - Nicolas Roy wins face-off versus Lars Eller in neutral zone.
3:00 of 1st period - Shot by Jamie Oleksiak.
3:00 of 1st period - Shot Misses the Net.
3:03 of 1st period - Minor Penalty to Nicolas Roy for High sticking.
3:04 of 1st period - Leon Draisaitl wins face-off versus Charlie Coyle in Bruins zone.
3:25 of 1st period - Shot by Leon Draisaitl.
3:25 of 1st period - Shot Misses the Net.
3:27 of 1st period - Shot by Jaccob Slavin.
3:27 of 1st period - Stopped by Jake Oettinger without a rebound.
3:28 of 1st period - Alex Iafallo wins face-off versus Ryan O'Reilly in Bruins zone.
3:45 of 1st period - Jamie Oleksiak is hit by Artturi Lehkonen and loses puck.
4:34 of 1st period - Shot by Leon Draisaitl.
4:34 of 1st period - Shot Blocked by Nick Paul.
4:37 of 1st period - Leon Draisaitl is hit by T.J. Brodie and loses puck.
4:56 of 1st period - Shot by Filip Forsberg.
4:56 of 1st period - Shot Blocked by T.J. Brodie.
4:58 of 1st period - Shot by Ivan Provorov.
4:58 of 1st period - Deflect By Filip Forsberg.
4:58 of 1st period - Stopped by Jake Oettinger without a rebound.
4:59 of 1st period - Anze Kopitar wins face-off versus Ryan O'Reilly in Bruins zone.
5:25 of 1st period - Icing by Tom Wilson.
5:26 of 1st period - Trevor Zegras wins face-off versus Andrew Cogliano in Bruins zone.
5:26 of 1st period - Trevor Zegras is hit by Alexander Kerfoot.
5:42 of 1st period - Shot by Brandon Saad.
5:42 of 1st period - Stopped by Kaapo Kahkonen without a rebound.
5:43 of 1st period - Leon Draisaitl wins face-off versus Anze Kopitar in Canadiens zone.
6:22 of 1st period - Shot by Leon Draisaitl.
6:22 of 1st period - Stopped by Jake Oettinger without a rebound.
6:23 of 1st period - Charlie Coyle wins face-off versus Ryan O'Reilly in Bruins zone.
6:23 of 1st period - Charlie Coyle is hit by Ryan O'Reilly.
6:40 of 1st period - Shot by Artturi Lehkonen.
6:40 of 1st period - Shot Misses the Net.
6:44 of 1st period - Shot by Artturi Lehkonen.
6:44 of 1st period - Stopped by Jake Oettinger without a rebound.
6:45 of 1st period - Lars Eller wins face-off versus Trevor Zegras in Bruins zone.
6:53 of 1st period - Minor Penalty to Brady Skjei for Tripping.
6:54 of 1st period - Ryan O'Reilly wins face-off versus Charlie Coyle in Bruins zone.
6:54 of 1st period - Ryan O'Reilly is hit by Brett Pesce.
7:31 of 1st period - Shot by Ryan O'Reilly.
7:31 of 1st period - Deflect By Artturi Lehkonen.
7:31 of 1st period - Shot Misses the Net.
7:33 of 1st period - Shot by Teuvo Teravainen.
7:33 of 1st period - Shot Blocked by Jamie Oleksiak.
8:02 of 1st period - Ivan Provorov is hit by Nick Paul.
8:03 of 1st period - Icing by Ivan Provorov.
8:04 of 1st period - Leon Draisaitl wins face-off versus Nicolas Roy in Canadiens zone.
9:48 of 1st period - Off-side.
9:49 of 1st period - Ryan O'Reilly wins face-off versus Trevor Zegras in neutral zone.
10:00 of 1st period - Trevor Zegras is hit by Ryan Suter and loses puck.
10:02 of 1st period - Minor Penalty to Ryan Suter for Holding.
10:03 of 1st period - Anze Kopitar wins face-off versus Alexander Kerfoot in Canadiens zone.
10:43 of 1st period - Minor Penalty to Andrew Cogliano for Charging.
10:44 of 1st period - Alexander Kerfoot wins face-off versus Trevor Zegras in Canadiens zone.
11:42 of 1st period - Icing by Brandon Saad.
11:43 of 1st period - Anze Kopitar wins face-off versus Alexander Kerfoot in Bruins zone.
11:43 of 1st period - Anze Kopitar is hit by Alexander Kerfoot.
12:51 of 1st period - Shot by Alex Iafallo.
12:51 of 1st period - Shot Misses the Net.
13:03 of 1st period - Shot by Valeri Nichushkin.
13:03 of 1st period - Stopped by Jake Oettinger without a rebound.
13:04 of 1st period - Nicolas Roy wins face-off versus Lars Eller in Bruins zone.
13:04 of 1st period - Nicolas Roy is hit by Anthony Mantha.
13:23 of 1st period - Nicolas Roy is hit by Ryan Suter and loses puck.
13:26 of 1st period - Shot by Alex Iafallo.
13:26 of 1st period - Shot Hit the Post.
14:04 of 1st period - Shot by Teuvo Teravainen.
14:04 of 1st period - Shot Hit the Post.
14:22 of 1st period - Shot by Ryan O'Reilly.
14:22 of 1st period - Shot Blocked by Brady Skjei.
14:24 of 1st period - Shot by Ivan Provorov.
14:24 of 1st period - Shot Misses the Net.
14:54 of 1st period - Shot by Leon Draisaitl.
14:54 of 1st period - Stopped by Jake Oettinger without a rebound.
14:55 of 1st period - Anze Kopitar wins face-off versus Leon Draisaitl in Bruins zone.
15:11 of 1st period - Andrew Mangiapane is hit by Alex Goligoski.
15:53 of 1st period - T.J. Brodie is hit by Andrew Cogliano and loses puck.
16:02 of 1st period - Shot by Alexander Kerfoot.
16:02 of 1st period - Shot Misses the Net.
16:04 of 1st period - Shot by Alexander Kerfoot.
16:04 of 1st period - Shot Misses the Net.
16:24 of 1st period - Shot by Brendan Gallagher.
16:24 of 1st period - Shot Misses the Net.
17:11 of 1st period - Icing by Mark Giordano.
17:12 of 1st period - Leon Draisaitl wins face-off versus Charlie Coyle in Bruins zone.
17:30 of 1st period - Icing by Adam Pelech.
17:31 of 1st period - Leon Draisaitl wins face-off versus Trevor Zegras in Canadiens zone.
17:31 of 1st period - Leon Draisaitl is hit by Tom Wilson.
17:58 of 1st period - Icing by Brandon Saad.
17:59 of 1st period - Ryan O'Reilly wins face-off versus Trevor Zegras in Bruins zone.
18:01 of 1st period - Minor Penalty to Artturi Lehkonen for Hooking.
18:02 of 1st period - Anze Kopitar wins face-off versus Alexander Kerfoot in Canadiens zone.
18:15 of 1st period - Shot by Brady Skjei.
18:15 of 1st period - Shot Misses the Net.
18:17 of 1st period - Shot by Cam Fowler.
18:17 of 1st period - Stopped by Kaapo Kahkonen without a rebound.
18:18 of 1st period - Alexander Kerfoot wins face-off versus Trevor Zegras in Canadiens zone.
19:57 of 1st period - Jaccob Slavin is hit by Tom Wilson and loses puck.
Goals for this period are 0 for Bruins vs 2 for Canadiens.
Shots for this period are 4 for Bruins vs 10 for Canadiens.

2nd period


0:01 of 2nd period - Leon Draisaitl wins face-off versus Yegor Sharangovich in neutral zone.
0:08 of 2nd period - T.J. Brodie is hit by Filip Forsberg and loses puck.
1:03 of 2nd period - Jaccob Slavin is hit by Tom Wilson and loses puck.
1:05 of 2nd period - Double Minor Penalty to Tom Wilson for Roughing.
1:06 of 2nd period - Ryan O'Reilly wins face-off versus Nicolas Roy in Bruins zone.
1:13 of 2nd period - Shot by Teuvo Teravainen.
1:13 of 2nd period - Stopped by Jake Oettinger with a rebound.
1:25 of 2nd period - Shot by Teuvo Teravainen.
1:25 of 2nd period - Shot Misses the Net.
1:27 of 2nd period - Shot by Ryan O'Reilly.
1:27 of 2nd period - Deflect By Artturi Lehkonen.
1:27 of 2nd period - Stopped by Jake Oettinger with a rebound.
1:29 of 2nd period - Shot by Teuvo Teravainen.
1:29 of 2nd period - Goal by Teuvo Teravainen - Bruins : 0 - Canadiens : 3.
1:30 of 2nd period - Charlie Coyle wins face-off versus Ryan O'Reilly in neutral zone.
3:13 of 2nd period - Shot by Mark Giordano.
3:13 of 2nd period - Shot Blocked by Ryan Suter.
4:56 of 2nd period - Shot by Anze Kopitar.
4:56 of 2nd period - Stopped by Kaapo Kahkonen without a rebound.
4:57 of 2nd period - Leon Draisaitl wins face-off versus Nicolas Roy in Canadiens zone.
4:57 of 2nd period - Leon Draisaitl is hit by Nicolas Roy.
5:00 of 2nd period - Mattias Ekholm is hit by Nicolas Roy and loses puck.
5:16 of 2nd period - Leon Draisaitl is hit by Brett Pesce.
5:23 of 2nd period - Icing by Alex Iafallo.
5:24 of 2nd period - Ryan O'Reilly wins face-off versus Nick Paul in Bruins zone.
5:24 of 2nd period - Ryan O'Reilly is hit by Brett Pesce.
6:34 of 2nd period - Shot by Anze Kopitar.
6:34 of 2nd period - Stopped by Kaapo Kahkonen without a rebound.
6:35 of 2nd period - Lars Eller wins face-off versus Trevor Zegras in Canadiens zone.
6:35 of 2nd period - Lars Eller is hit by Tom Wilson.
7:03 of 2nd period - Lars Eller is hit by Dmitry Kulikov and loses puck.
7:09 of 2nd period - Dmitry Kulikov is hit by Mattias Ekholm and loses puck.
7:37 of 2nd period - Brady Skjei is hit by Filip Forsberg.
7:39 of 2nd period - Shot by Anze Kopitar.
7:39 of 2nd period - Shot Hit the Post.
7:53 of 2nd period - Shot by Valeri Nichushkin.
7:53 of 2nd period - Stopped by Jake Oettinger without a rebound.
7:54 of 2nd period - Charlie Coyle wins face-off versus Teuvo Teravainen in Bruins zone.
7:54 of 2nd period - Alex Iafallo is hit by Ryan O'Reilly and loses puck.
8:24 of 2nd period - Shot by Charlie Coyle.
8:24 of 2nd period - Stopped by Kaapo Kahkonen without a rebound.
8:25 of 2nd period - Anze Kopitar wins face-off versus Valeri Nichushkin in Canadiens zone.
8:45 of 2nd period - Ivan Provorov is hit by Brady Skjei and loses puck.
8:58 of 2nd period - Shot by Valeri Nichushkin.
8:58 of 2nd period - Shot Misses the Net.
9:01 of 2nd period - Filip Forsberg is hit by Brady Skjei and loses puck.
9:09 of 2nd period - Shot by Valeri Nichushkin.
9:09 of 2nd period - Stopped by Jake Oettinger without a rebound.
9:10 of 2nd period - Ryan O'Reilly wins face-off versus Trevor Zegras in Bruins zone.
9:13 of 2nd period - Shot by Ryan O'Reilly.
9:13 of 2nd period - Shot Blocked by T.J. Brodie.
9:15 of 2nd period - Shot by Teuvo Teravainen.
9:15 of 2nd period - Shot Misses the Net.
9:19 of 2nd period - Shot by Artturi Lehkonen.
9:19 of 2nd period - Stopped by Jake Oettinger with a rebound.
9:23 of 2nd period - Shot by Artturi Lehkonen.
9:23 of 2nd period - Shot Blocked by Tom Wilson.
9:26 of 2nd period - Icing by Brandon Saad.
9:27 of 2nd period - Lars Eller wins face-off versus Trevor Zegras in Bruins zone.
9:34 of 2nd period - Alex Goligoski is hit by Tom Wilson and loses puck.
9:44 of 2nd period - Trevor Zegras is hit by Alex Goligoski and loses puck.
9:47 of 2nd period - Shot by Tom Wilson.
9:47 of 2nd period - Stopped by Kaapo Kahkonen without a rebound.
9:48 of 2nd period - Ryan O'Reilly wins face-off versus Anze Kopitar in Canadiens zone.
9:48 of 2nd period - Ryan O'Reilly is hit by Andrew Mangiapane.
9:57 of 2nd period - Minor Penalty to Ryan O'Reilly for Interference.
9:57 of 2nd period - Minor Penalty to Brady Skjei for Roughing.
9:58 of 2nd period - Nicolas Roy wins face-off versus Leon Draisaitl in Bruins zone.
10:25 of 2nd period - Shot by Alex Iafallo.
10:25 of 2nd period - Stopped by Kaapo Kahkonen without a rebound.
10:26 of 2nd period - Nicolas Roy wins face-off versus Leon Draisaitl in Canadiens zone.
10:46 of 2nd period - Off-side.
10:47 of 2nd period - Yegor Sharangovich wins face-off versus Alexander Kerfoot in neutral zone.
10:54 of 2nd period - Shot by Yegor Sharangovich.
10:54 of 2nd period - Deflect By Trevor Zegras.
10:54 of 2nd period - Stopped by Kaapo Kahkonen with a rebound.
11:26 of 2nd period - Shot by Yegor Sharangovich.
11:26 of 2nd period - Stopped by Kaapo Kahkonen without a rebound.
11:27 of 2nd period - Leon Draisaitl wins face-off versus Nicolas Roy in Canadiens zone.
11:52 of 2nd period - Shot by Alex Iafallo.
11:52 of 2nd period - Stopped by Kaapo Kahkonen without a rebound.
11:53 of 2nd period - Nicolas Roy wins face-off versus Leon Draisaitl in Canadiens zone.
11:54 of 2nd period - Shot by Alex Iafallo.
11:54 of 2nd period - Stopped by Kaapo Kahkonen without a rebound.
11:55 of 2nd period - Leon Draisaitl wins face-off versus Nicolas Roy in Canadiens zone.
12:24 of 2nd period - Icing by Jaccob Slavin.
12:25 of 2nd period - Ryan O'Reilly wins face-off versus Anze Kopitar in Canadiens zone.
12:25 of 2nd period - Ryan O'Reilly is hit by Andrew Mangiapane.
12:26 of 2nd period - Minor Penalty to Andrew Mangiapane for Tripping.
12:27 of 2nd period - Charlie Coyle wins face-off versus Leon Draisaitl in Bruins zone.
12:33 of 2nd period - Icing by Valeri Nichushkin.
12:34 of 2nd period - Valeri Nichushkin wins face-off versus Charlie Coyle in Canadiens zone.
12:39 of 2nd period - Mattias Ekholm is hit by Yegor Sharangovich and loses puck.
13:03 of 2nd period - Shot by Mattias Ekholm.
13:03 of 2nd period - Stopped by Jake Oettinger with a rebound.
13:05 of 2nd period - Shot by Mattias Ekholm.
13:05 of 2nd period - Shot Blocked by T.J. Brodie.
13:28 of 2nd period - Minor Penalty to T.J. Brodie for Interference.
13:29 of 2nd period - Nick Paul wins face-off versus Ryan O'Reilly in Bruins zone.
13:29 of 2nd period - Nick Paul is hit by Artturi Lehkonen.
13:51 of 2nd period - Shot by Artturi Lehkonen.
13:51 of 2nd period - Shot Blocked by Brett Pesce.
14:26 of 2nd period - Icing by Filip Forsberg.
14:27 of 2nd period - Leon Draisaitl wins face-off versus Charlie Coyle in Canadiens zone.
14:27 of 2nd period - Leon Draisaitl is hit by Charlie Coyle.
14:33 of 2nd period - Shot by Mattias Ekholm.
14:33 of 2nd period - Stopped by Jake Oettinger with a rebound.
14:46 of 2nd period - Icing by Filip Forsberg.
14:47 of 2nd period - Charlie Coyle wins face-off versus Leon Draisaitl in Canadiens zone.
15:00 of 2nd period - Jamie Oleksiak is hit by Filip Forsberg and loses puck.
15:05 of 2nd period - Shot by Valeri Nichushkin.
15:05 of 2nd period - Stopped by Jake Oettinger with a rebound.
16:00 of 2nd period - Shot by Bryan Rust.
16:00 of 2nd period - Stopped by Kaapo Kahkonen without a rebound.
16:01 of 2nd period - Ryan O'Reilly wins face-off versus Trevor Zegras in Canadiens zone.
16:01 of 2nd period - Ryan O'Reilly is hit by Tom Wilson.
16:15 of 2nd period - Shot by Teuvo Teravainen.
16:15 of 2nd period - Shot Blocked by Tom Wilson.
16:17 of 2nd period - Shot by Artturi Lehkonen.
16:17 of 2nd period - Stopped by Jake Oettinger without a rebound.
16:18 of 2nd period - Alexander Kerfoot wins face-off versus Nicolas Roy in Bruins zone.
16:22 of 2nd period - Icing by Alex Iafallo.
16:23 of 2nd period - Nick Paul wins face-off versus Ryan O'Reilly in Bruins zone.
16:39 of 2nd period - Shot by Ivan Provorov.
16:39 of 2nd period - Stopped by Jake Oettinger without a rebound.
16:40 of 2nd period - Leon Draisaitl wins face-off versus Anze Kopitar in Bruins zone.
16:40 of 2nd period - Filip Forsberg is hit by Cam Fowler and loses puck.
17:02 of 2nd period - Valeri Nichushkin is hit by Brady Skjei and loses puck.
17:11 of 2nd period - Shot by Filip Forsberg.
17:11 of 2nd period - Stopped by Jake Oettinger without a rebound.
17:12 of 2nd period - Ryan O'Reilly wins face-off versus Trevor Zegras in Bruins zone.
17:38 of 2nd period - Shot by Tom Wilson.
17:38 of 2nd period - Stopped by Kaapo Kahkonen without a rebound.
17:39 of 2nd period - Charlie Coyle wins face-off versus Leon Draisaitl in Canadiens zone.
17:48 of 2nd period - Shot by Yegor Sharangovich.
17:48 of 2nd period - Shot Misses the Net.
17:50 of 2nd period - Shot by Charlie Coyle.
17:50 of 2nd period - Shot Misses the Net.
17:52 of 2nd period - Shot by Yegor Sharangovich.
17:52 of 2nd period - Stopped by Kaapo Kahkonen with a rebound.
17:54 of 2nd period - Shot by Brady Skjei.
17:54 of 2nd period - Shot Misses the Net.
17:56 of 2nd period - Shot by Yegor Sharangovich.
17:56 of 2nd period - Shot Misses the Net.
18:20 of 2nd period - Shot by Charlie Coyle.
18:20 of 2nd period - Shot Misses the Net.
18:22 of 2nd period - Shot by Yegor Sharangovich.
18:22 of 2nd period - Shot Misses the Net.
18:24 of 2nd period - Shot by Charlie Coyle.
18:24 of 2nd period - Shot Misses the Net.
18:33 of 2nd period - Minor Penalty to Andrew Mangiapane for Interference.
18:34 of 2nd period - Ryan O'Reilly wins face-off versus Nicolas Roy in Bruins zone.
18:35 of 2nd period - Shot by Ivan Provorov.
18:35 of 2nd period - Shot Hit the Post.
18:37 of 2nd period - Shot by Artturi Lehkonen.
18:37 of 2nd period - Goal by Artturi Lehkonen - Bruins : 0 - Canadiens : 4.
18:38 of 2nd period - Ryan O'Reilly wins face-off versus Trevor Zegras in neutral zone.
19:06 of 2nd period - Minor Penalty to Teuvo Teravainen for Interference.
19:07 of 2nd period - Trevor Zegras wins face-off versus Alexander Kerfoot in Canadiens zone.
19:12 of 2nd period - Shot by Bryan Rust.
19:12 of 2nd period - Shot Blocked by Jaccob Slavin.
19:40 of 2nd period - Shot by Trevor Zegras.
19:40 of 2nd period - Stopped by Kaapo Kahkonen without a rebound.
19:41 of 2nd period - Ryan O'Reilly wins face-off versus Anze Kopitar in Canadiens zone.
19:58 of 2nd period - Shot by Brandon Saad.
19:58 of 2nd period - Shot Blocked by Ivan Provorov.
Goals for this period are 0 for Bruins vs 2 for Canadiens.
Shots for this period are 13 for Bruins vs 13 for Canadiens.

3rd period


0:01 of 3rd period - Alexander Kerfoot wins face-off versus Trevor Zegras in neutral zone.
0:07 of 3rd period - Icing by Cam Fowler.
0:08 of 3rd period - Trevor Zegras wins face-off versus Alexander Kerfoot in Bruins zone.
0:08 of 3rd period - Trevor Zegras is hit by Artturi Lehkonen.
0:22 of 3rd period - Shot by Trevor Zegras.
0:22 of 3rd period - Shot Blocked by Mattias Ekholm.
0:24 of 3rd period - Shot by Brady Skjei.
0:24 of 3rd period - Stopped by Kaapo Kahkonen without a rebound.
0:25 of 3rd period - Artturi Lehkonen wins face-off versus Brandon Saad in Canadiens zone.
0:25 of 3rd period - Artturi Lehkonen is hit by Tom Wilson.
1:15 of 3rd period - Alex Iafallo is hit by Valeri Nichushkin and loses puck.
1:40 of 3rd period - Shot by Filip Forsberg.
1:40 of 3rd period - Shot Misses the Net.
1:46 of 3rd period - Shot by Valeri Nichushkin.
1:46 of 3rd period - Stopped by Jake Oettinger without a rebound.
1:47 of 3rd period - Anze Kopitar wins face-off versus Ryan O'Reilly in Bruins zone.
2:27 of 3rd period - Teuvo Teravainen is hit by Andrew Mangiapane and loses puck.
2:33 of 3rd period - Icing by Ivan Provorov.
2:34 of 3rd period - Trevor Zegras wins face-off versus Ryan O'Reilly in Canadiens zone.
2:47 of 3rd period - Mark Giordano is hit by Teuvo Teravainen and loses puck.
3:02 of 3rd period - Mattias Ekholm is hit by Tom Wilson and loses puck.
3:16 of 3rd period - Off-side.
3:17 of 3rd period - Charlie Coyle wins face-off versus Leon Draisaitl in neutral zone.
3:22 of 3rd period - Shot by Alex Iafallo.
3:22 of 3rd period - Shot Blocked by Alex Goligoski.
3:43 of 3rd period - Shot by Valeri Nichushkin.
3:43 of 3rd period - Stopped by Jake Oettinger without a rebound.
3:44 of 3rd period - Anze Kopitar wins face-off versus Lars Eller in Bruins zone.
3:53 of 3rd period - Shot by Bryan Rust.
3:53 of 3rd period - Stopped by Kaapo Kahkonen with a rebound.
3:55 of 3rd period - Shot by Brett Pesce.
3:55 of 3rd period - Shot Misses the Net.
4:19 of 3rd period - Shot by Bryan Rust.
4:19 of 3rd period - Shot Misses the Net.
5:13 of 3rd period - Shot by Brandon Saad.
5:13 of 3rd period - Goal by Brandon Saad - Bruins : 1 - Canadiens : 4.
5:14 of 3rd period - Charlie Coyle wins face-off versus Leon Draisaitl in neutral zone.
5:23 of 3rd period - Shot by Dmitry Kulikov.
5:23 of 3rd period - Shot Blocked by Leon Draisaitl.
5:26 of 3rd period - Icing by Adam Pelech.
5:27 of 3rd period - Nicolas Roy wins face-off versus Valeri Nichushkin in Canadiens zone.
5:33 of 3rd period - Nick Paul is hit by Alex Goligoski and loses puck.
5:34 of 3rd period - Nick Paul from Bruins is injured at 5:34 of 3rd period (Sports Hernia).
5:35 of 3rd period - Ryan O'Reilly wins face-off versus Trevor Zegras in Canadiens zone.
5:37 of 3rd period - Icing by Ivan Provorov.
5:38 of 3rd period - Anze Kopitar wins face-off versus Artturi Lehkonen in Canadiens zone.
5:41 of 3rd period - Shot by Andrew Mangiapane.
5:41 of 3rd period - Shot Misses the Net.
5:43 of 3rd period - Shot by Andrew Mangiapane.
5:43 of 3rd period - Goal by Andrew Mangiapane - Bruins : 2 - Canadiens : 4.
5:44 of 3rd period - Ryan O'Reilly wins face-off versus Trevor Zegras in neutral zone.
6:49 of 3rd period - Shot by Valeri Nichushkin.
6:49 of 3rd period - Deflect By Leon Draisaitl.
6:49 of 3rd period - Shot Misses the Net.
6:56 of 3rd period - Icing by Dmitry Kulikov.
6:57 of 3rd period - Anze Kopitar wins face-off versus Daniel Sprong in Bruins zone.
7:06 of 3rd period - Shot by Anze Kopitar.
7:06 of 3rd period - Stopped by Kaapo Kahkonen without a rebound.
7:07 of 3rd period - Alexander Kerfoot wins face-off versus Charlie Coyle in Canadiens zone.
7:07 of 3rd period - Alexander Kerfoot is hit by Charlie Coyle.
7:23 of 3rd period - Andrew Cogliano is hit by Alex Iafallo and loses puck.
7:33 of 3rd period - Alex Iafallo is hit by Mattias Ekholm and loses puck.
7:40 of 3rd period - Brett Pesce is hit by Brendan Gallagher and loses puck.
7:46 of 3rd period - T.J. Brodie is hit by Mattias Ekholm and loses puck.
8:19 of 3rd period - Bryan Rust is hit by Ivan Provorov and loses puck.
8:24 of 3rd period - Shot by Bryan Rust.
8:24 of 3rd period - Shot Blocked by Daniel Sprong.
8:37 of 3rd period - Minor Penalty to Ivan Provorov for Holding.
8:38 of 3rd period - Anze Kopitar wins face-off versus Alexander Kerfoot in Canadiens zone.
8:39 of 3rd period - Shot by Brady Skjei.
8:39 of 3rd period - Stopped by Kaapo Kahkonen with a rebound.
8:41 of 3rd period - Shot by Cam Fowler.
8:41 of 3rd period - Deflect By Anze Kopitar.
8:41 of 3rd period - Shot Misses the Net.
8:43 of 3rd period - Shot by Brandon Saad.
8:43 of 3rd period - Stopped by Kaapo Kahkonen with a rebound.
8:49 of 3rd period - Shot by Anze Kopitar.
8:49 of 3rd period - Stopped by Kaapo Kahkonen without a rebound.
8:50 of 3rd period - Andrew Mangiapane wins face-off versus Alexander Kerfoot in Canadiens zone.
8:55 of 3rd period - Shot by Trevor Zegras.
8:55 of 3rd period - Shot Misses the Net.
9:11 of 3rd period - Shot by Trevor Zegras.
9:11 of 3rd period - Goal by Trevor Zegras - Bruins : 3 - Canadiens : 4.
9:12 of 3rd period - Leon Draisaitl wins face-off versus Charlie Coyle in neutral zone.
9:26 of 3rd period - Off-side.
9:27 of 3rd period - Trevor Zegras wins face-off versus Ryan O'Reilly in neutral zone.
9:27 of 3rd period - Brady Skjei is hit by Artturi Lehkonen and loses puck.
9:51 of 3rd period - Shot by Teuvo Teravainen.
9:51 of 3rd period - Stopped by Jake Oettinger without a rebound.
9:52 of 3rd period - Bryan Rust wins face-off versus Leon Draisaitl in Bruins zone.
9:52 of 3rd period - T.J. Brodie is hit by Leon Draisaitl.
10:00 of 3rd period - Shot by Bryan Rust.
10:00 of 3rd period - Shot Misses the Net.
10:16 of 3rd period - Shot by Leon Draisaitl.
10:16 of 3rd period - Shot Misses the Net.
10:18 of 3rd period - Shot by Leon Draisaitl.
10:18 of 3rd period - Deflect By Valeri Nichushkin.
10:18 of 3rd period - Goal by Valeri Nichushkin - Bruins : 3 - Canadiens : 5.
10:19 of 3rd period - Ryan O'Reilly wins face-off versus Brandon Saad in neutral zone.
10:30 of 3rd period - Shot by Teuvo Teravainen.
10:30 of 3rd period - Stopped by Jake Oettinger without a rebound.
10:31 of 3rd period - Lars Eller wins face-off versus Charlie Coyle in Bruins zone.
10:31 of 3rd period - Daniel Sprong is hit by Dmitry Kulikov and loses puck.
10:56 of 3rd period - Mark Giordano is hit by Lars Eller and loses puck.
11:25 of 3rd period - Ivan Provorov is hit by Andrew Mangiapane and loses puck.
11:29 of 3rd period - Icing by Ivan Provorov.
11:30 of 3rd period - Lars Eller wins face-off versus Trevor Zegras in Canadiens zone.
11:41 of 3rd period - Shot by Tom Wilson.
11:41 of 3rd period - Stopped by Kaapo Kahkonen without a rebound.
11:42 of 3rd period - Filip Forsberg wins face-off versus Bryan Rust in Canadiens zone.
11:50 of 3rd period - Minor Penalty to Ryan Suter for Tripping.
11:51 of 3rd period - Trevor Zegras wins face-off versus Alexander Kerfoot in Canadiens zone.
12:08 of 3rd period - Shot by Brady Skjei.
12:08 of 3rd period - Shot Blocked by Ivan Provorov.
12:10 of 3rd period - Shot by Andrew Mangiapane.
12:10 of 3rd period - Goal by Andrew Mangiapane - Bruins : 4 - Canadiens : 5.
12:11 of 3rd period - Leon Draisaitl wins face-off versus Alex Iafallo in neutral zone.
12:17 of 3rd period - Mattias Ekholm is hit by Alex Iafallo and loses puck.
12:43 of 3rd period - Alex Iafallo is hit by Mattias Ekholm and loses puck.
13:05 of 3rd period - Minor Penalty to Mattias Ekholm for Hooking.
13:06 of 3rd period - Alexander Kerfoot wins face-off versus Trevor Zegras in Canadiens zone.
13:06 of 3rd period - Ivan Provorov is hit by Bryan Rust and loses puck.
13:17 of 3rd period - Trevor Zegras is hit by Jaccob Slavin and loses puck.
13:47 of 3rd period - Shot by Trevor Zegras.
13:47 of 3rd period - Stopped by Kaapo Kahkonen without a rebound.
13:48 of 3rd period - Anze Kopitar wins face-off versus Alexander Kerfoot in Canadiens zone.
14:00 of 3rd period - Off-side.
14:01 of 3rd period - Anze Kopitar wins face-off versus Alexander Kerfoot in neutral zone.
14:01 of 3rd period - Anze Kopitar is hit by Artturi Lehkonen.
14:23 of 3rd period - Shot by T.J. Brodie.
14:23 of 3rd period - Stopped by Kaapo Kahkonen without a rebound.
14:24 of 3rd period - Trevor Zegras wins face-off versus Alexander Kerfoot in Canadiens zone.
14:46 of 3rd period - Shot by Brady Skjei.
14:46 of 3rd period - Stopped by Kaapo Kahkonen with a rebound.
14:48 of 3rd period - Shot by Cam Fowler.
14:48 of 3rd period - Deflect By Andrew Mangiapane.
14:48 of 3rd period - Shot Misses the Net.
15:04 of 3rd period - Shot by Trevor Zegras.
15:04 of 3rd period - Shot Blocked by Jaccob Slavin.
15:13 of 3rd period - Icing by Alex Iafallo.
15:14 of 3rd period - Charlie Coyle wins face-off versus Leon Draisaitl in Bruins zone.
15:19 of 3rd period - Shot by Yegor Sharangovich.
15:19 of 3rd period - Shot Misses the Net.
15:25 of 3rd period - Shot by Mark Giordano.
15:25 of 3rd period - Shot Misses the Net.
15:27 of 3rd period - Shot by Dmitry Kulikov.
15:27 of 3rd period - Deflect By Alex Iafallo.
15:27 of 3rd period - Stopped by Kaapo Kahkonen without a rebound.
15:28 of 3rd period - Nicolas Roy wins face-off versus Ryan O'Reilly in Canadiens zone.
16:55 of 3rd period - Shot by Tom Wilson.
16:55 of 3rd period - Goal by Tom Wilson - Bruins : 5 - Canadiens : 5.
16:56 of 3rd period - Anze Kopitar wins face-off versus Lars Eller in neutral zone.
17:15 of 3rd period - Shot by Bryan Rust.
17:15 of 3rd period - Deflect By Anze Kopitar.
17:15 of 3rd period - Shot Misses the Net.
17:17 of 3rd period - Shot by Mark Giordano.
17:17 of 3rd period - Deflect By Anze Kopitar.
17:17 of 3rd period - Stopped by Kaapo Kahkonen without a rebound.
17:18 of 3rd period - Nicolas Roy wins face-off versus Leon Draisaitl in Canadiens zone.
17:19 of 3rd period - Shot by Alex Iafallo.
17:19 of 3rd period - Deflect By Nicolas Roy.
17:19 of 3rd period - Stopped by Kaapo Kahkonen without a rebound.
17:20 of 3rd period - Trevor Zegras wins face-off versus Alexander Kerfoot in Canadiens zone.
17:41 of 3rd period - Shot by Brendan Gallagher.
17:41 of 3rd period - Stopped by Jake Oettinger without a rebound.
17:42 of 3rd period - Ryan O'Reilly wins face-off versus Anze Kopitar in Bruins zone.
17:54 of 3rd period - Icing by Dmitry Kulikov.
17:55 of 3rd period - Anze Kopitar wins face-off versus Lars Eller in Bruins zone.
17:55 of 3rd period - Anze Kopitar is hit by Anthony Mantha.
18:08 of 3rd period - Shot by Daniel Sprong.
18:08 of 3rd period - Stopped by Jake Oettinger without a rebound.
18:09 of 3rd period - Ryan O'Reilly wins face-off versus Trevor Zegras in Bruins zone.
18:10 of 3rd period - Shot by Teuvo Teravainen.
18:10 of 3rd period - Stopped by Jake Oettinger with a rebound.
18:12 of 3rd period - Shot by Artturi Lehkonen.
18:12 of 3rd period - Stopped by Jake Oettinger with a rebound.
18:23 of 3rd period - Ryan O'Reilly is hit by T.J. Brodie and loses puck.
18:42 of 3rd period - Artturi Lehkonen is hit by T.J. Brodie.
18:56 of 3rd period - Icing by Brandon Saad.
18:57 of 3rd period - Lars Eller wins face-off versus Trevor Zegras in Bruins zone.
19:30 of 3rd period - Minor Penalty to Tom Wilson for Hooking.
19:31 of 3rd period - Charlie Coyle wins face-off versus Leon Draisaitl in Bruins zone.
19:44 of 3rd period - Shot by Mattias Ekholm.
19:44 of 3rd period - Stopped by Jake Oettinger with a rebound.
Goals for this period are 5 for Bruins vs 1 for Canadiens.
Shots for this period are 18 for Bruins vs 10 for Canadiens.

Overtime #1


0:01 of 1st overtime period - Artturi Lehkonen wins face-off versus Charlie Coyle in neutral zone.
0:18 of 1st overtime period - Shot by Ivan Provorov.
0:18 of 1st overtime period - Shot Misses the Net.
0:20 of 1st overtime period - Shot by Jaccob Slavin.
0:20 of 1st overtime period - Shot Hit the Post.
0:22 of 1st overtime period - Shot by Artturi Lehkonen.
0:22 of 1st overtime period - Goal by Artturi Lehkonen - Bruins : 5 - Canadiens : 6.
Goals for this period are 0 for Bruins vs 1 for Canadiens.
Shots for this period are 0 for Bruins vs 1 for Canadiens.